 Dungeon Crawl Stone Soup version 0.31.0-11-ge490571c62 (webtiles) character file.

Game seed: 17306834157396354235

6 Arctor the Firebug (level 1, -1/10 HPs)
             Began as a Deep Elf Fire Elementalist on Jan 31, 2024.
             Slain by a hobgoblin (4 damage)
             ... on level 1 of the Dungeon.
             The game lasted 00:00:20 (213 turns).

Arctor the Firebug (Deep Elf Fire Elementalist)      Turns: 213, Time: 00:00:21

Health: -1/10      AC:  2    Str:  5    XL:     1   Next: 75%
Magic:  3/6        EV: 12    Int: 19    God:
Gold:   3          SH:  0    Dex: 15    Spells: 5/6 levels left

rFire   . . .        (no weapon)
rCold   . . .        (no shield)
rNeg    . . .        a - +0 robe
rPois   .            (no helmet)
rElec   .            (no cloak)
rCorr   .            (no gloves)
SInv    .            (no boots)
Will    .....        (no amulet)
Stlth   ++           (no ring)
HPRegen 0.21/turn    (no ring)
MPRegen 0.10/turn

%: no passive effects
@: no status effects
A: no striking features
a: no special abilities


You were on level 1 of the Dungeon.
You visited 1 branch of the dungeon, and saw 1 of its levels.

You collected 3 gold pieces.

Inventory:

Missiles
 d - 3 javelins
Armour
 a - a +0 robe (worn)
Scrolls
 c - a scroll of amnesia {unknown}
Potions
 b - a potion of magic


   Skills:
 + Level 2.5 Dodging
 + Level 2.6 Stealth
 + Level 3.1 Spellcasting
 + Level 1.3 Conjurations
 + Level 3.3 Fire Magic


You had 5 spell levels left.
You knew the following spells:

 Your Spells              Type           Power      Damage    Failure   Level
a - Foxfire               Conj/Fire      44%        2x1d6     6%          1

Your spell library contained the following spells:

 Spells                   Type           Power      Damage    Failure   Level
 Scorch                   Fire           30%        2d6       5%          2
 Inner Flame              Hex/Fire       9%         N/A       22%         3
 Volatile Blastmotes      Fire/Tloc      18%        2d11      22%         3
 Flame Wave               Conj/Fire      11%        2d6       50%         4


Dungeon Overview and Level Annotations

Branches:
Dungeon (1/15)

Altars:


Message History

You kill the dart slug!
The hobgoblin misses you.
You conjure some foxfire!
The hobgoblin barely misses you.
You closely miss the hobgoblin.
The foxfire hits the hobgoblin.
The hobgoblin is almost dead.
The foxfire hits the hobgoblin but does no damage.
The hobgoblin is almost dead.
The hobgoblin closely misses you.
There are monsters nearby!
You barely miss the hobgoblin.
The hobgoblin is almost dead.
The ball python bites you. The ball python barely misses you.
The ball python bites you. The ball python barely misses you.
The hobgoblin barely misses you.
There are monsters nearby!
You hit the hobgoblin but do no damage.
The hobgoblin is almost dead.
The ball python barely misses you. The ball python grabs you.
The ball python constricts you.
The hobgoblin hits you but does no damage.
You conjure some foxfire!
The ball python bites you but does no damage.
The ball python constricts you. The hobgoblin hits you.
* * * LOW HITPOINT WARNING * * *
You are too injured to fight recklessly!
There are monsters nearby!
You are too injured to fight recklessly!
You are too injured to fight recklessly!
You are too injured to fight recklessly!
Unknown command.
You escape the ball python's grasp.
Your foxfire dissipates!
The foxfire hits the ball python.
The ball python is severely wounded.
The ball python attacks as it pursues you!
The ball python completely misses you. The ball python barely misses you.
You are too injured to fight recklessly!
The ball python closely misses you. The ball python misses you.
The hobgoblin hits you.
You die...

####.####
#.......#
#.......#
#.......#
#.......####
+..........
#....g..## #
#S@$.# #.
#.##.#
#.###.##.#
#+ #.......#
###.
###.#####
... #.# #.##
#.# #.## #.#
#(.## #.#


You could see a hobgoblin and a ball python.

Vanquished Creatures
  A dart slug (D:1)
  A goblin (D:1)
  A quokka (D:1)
  A ball python (D:1)
4 creatures vanquished.

Vanquished Creatures (others)
  15 foxfires (D:1)
15 creatures vanquished.

Grand Total: 19 creatures vanquished

Notes
Turn   | Place    | Note
-------+----------+-------------------------------------------
     0 | D:1      | Arctor the Deep Elf Fire Elementalist began the quest for
                  | the Orb.
     0 | D:1      | Reached XP level 1. HP: 10/10 MP: 6/6
   213 | D:1      | Slain by a hobgoblin

Illustrated notes

Levels and vault maps discovered:
D:1:      scummos_arrival_star, layout_loops_corners, serial_shops,
          nicolae_shop_statue_plus, serial_park_tiny_pond,
          hangedman_decor_slide_cut

Action                     || total
---------------------------++-------
  Melee: Unarmed           ||     6
   Cast: Foxfire           ||    11
 Armour: Robe              ||     9
  Dodge: Dodged            ||    14
